 Dungeon Crawl Stone Soup version 0.30-a0-845-g7c6808c8ce (webtiles) character file.

Game seed: 11492356704470522401

15456 lunkers the Carver (level 12, -5/101 HPs)
             Began as a Meteoran Fighter on Mar 2, 2023.
             Was a High Priest of Uskayaw.
             Slain by a goliath frog (20 damage)
             ... on level 5 of the Lair of Beasts.
             The game lasted 00:19:07 (5027 turns).

lunkers the Carver (Meteoran Fighter)               Turns: 5027, Time: 00:19:07

Health: -5/101     AC: 15    Str: 18    XL:     12   Next: 94%
Magic:  20/21      EV: 13    Int: 11    God:    Uskayaw [*****.]
Gold:   506        SH:  5    Dex: 18    Spells: 11/11 levels left

rFire   . . .      SeeInvis .    b - +4 short sword (elec)
rCold   + . .      Faith    .    c - +0 buckler
rNeg    . . .      Spirit   .    k - +5 scale mail of the Were-rabbit {Contam rPois Will++ Stlth+}
rPois   +          Reflect  .    o - +0 helmet
rElec   .          Rampage  .    p - +1 cloak
rCorr   .                        (no gloves)
Will    +++..                    y - +1 pair of boots {Stlth+}
Stlth   +                        B - amulet of regeneration
HPRegen 1.16/turn                r - ring of protection from cold
MPRegen 0.17/turn                A - ring of wizardry

@: corroded, glowing
A: sense surroundings 2, otherworldly, glowing, explore regen
a: Renounce Religion, Stomp, Line Pass, Grand Finale


You were on level 5 of the Lair of Beasts.
You worshipped Uskayaw.
Uskayaw was aware of your devotion.
You visited 3 branches of the dungeon, and saw 15 of its levels.

You collected 506 gold pieces.

Inventory:

Hand Weapons
 a - a +1 long sword
 b - a +4 short sword of electrocution (weapon)
 F - a +2 short sword of electrocution
Armour
 c - a +0 buckler (worn)
 k - the +5 scale mail of the Were-rabbit (worn) {Contam rPois Will++ Stlth+}
   (You found it on level 5 of the Dungeon)

   rPois:     It protects you from poison.
   Contam:    It causes magical contamination when unequipped.
   Will:      It greatly increases your willpower.
   Stlth:     It makes you more stealthy.
 o - a +0 helmet (worn)
 p - a +1 cloak (worn)
 y - a +1 pair of boots of stealth (worn)
Jewellery
 r - a ring of protection from cold (left hand)
 z - a ring of ice
 A - a ring of wizardry (right hand)
 B - an amulet of regeneration (around neck)
Wands
 f - a wand of polymorph (3)
 h - a wand of mindburst (2)
 u - a wand of charming (15)
 v - a wand of flame (25)
 E - a wand of light (8)
Scrolls
 e - 2 scrolls of immolation
 i - 2 scrolls of enchant weapon
 l - 2 scrolls of enchant armour
Potions
 d - 3 potions of might
 g - 3 potions of lignification
 j - 2 potions of brilliance
 m - 3 potions of curing
 n - 2 potions of ambrosia
 q - a potion of mutation
 s - 2 potions of magic
 t - 3 potions of attraction
 w - 2 potions of flight {unknown}
 x - 4 potions of cancellation


   Skills:
 + Level 7.9 Fighting
 - Level 9.2(12.0) Short Blades
 - Level 13.2(14.5) Long Blades
 + Level 8.6 Armour
 + Level 7.6 Dodging
 - Level 3.6 Shields
 + Level 11.0 Invocations


You had 11 spell levels left.
You didn't know any spells.
Your spell library contained the following spells:

 Spells                   Type           Power      Damage    Failure   Level
 Apportation              Tloc           0%         N/A       43%         1
 Necrotise                Necr           0%         1d4       43%         1
 Summon Small Mammal      Summ           0%         N/A       43%         1
 Blink                    Tloc           0%         N/A       56%         2
 Lesser Beckoning         Tloc           0%         N/A       56%         2
 Momentum Strike          Conj/Tloc      0%         3d8       56%         2
 Dazzling Flash           Conj/Hex       0%         N/A       80%         3
 Ignite Poison            Fire/Tmut/Pois 0%         N/A       80%         3
 Portal Projectile        Hex/Tloc       0%         N/A       80%         3
 Stone Arrow              Conj/Erth      0%         3d7       80%         3
 Tukima's Dance           Hex            0%         N/A       80%         3
 Vhi's Electric Charge    Tloc/Air       0%         N/A       80%         3
 Animate Armour           Summ/Erth      0%         N/A       99%         4
 Iskenderun's Mystic Bla  Conj/Tloc      0%         2d3       99%         4
 Sticky Flame             Conj/Fire      0%         2d3       99%         4
 Summon Ice Beast         Ice/Summ       0%         N/A       99%         4
 Summon Mana Viper        Hex/Summ       0%         N/A       100%        5
 Starburst                Conj/Fire      0%         6d3       100%        6
 Enfeeble                 Hex            0%         N/A       100%        7
 Ignition                 Fire           0%         3d3       100%        8
 Lehudib's Crystal Spear  Conj/Erth      0%         10d2      100%        8
 Summon Horrible Things   Summ           0%         N/A       100%        8


Dungeon Overview and Level Annotations

Branches:
Dungeon (9/15) Zot: 1497   Temple (1/1) D:5 Zot: 223    Lair (5/5) D:9 Zot: 2398
  Slime (0/5) Lair:5
  Swamp: Lair:2-3    Shoals: Lair:2-3     Snake: Lair:2-3    Spider: Lair:2-3
    Orc: D:9-12

Altars:
Ashenzari
Cheibriados
Dithmenos
Elyvilon
Fedhas
Gozag
Hepliaklqana
Kikubaaqudgha
Makhleb
Okawaru
Qazlal
Ru
Sif Muna
Trog
Uskayaw
Wu Jian
Xom
Yredelemnul
Zin
The Shining One
Jiyva

Annotations:
D:9 1 runed translucent door
Lair:5 exclusion: oklob plant


Innate Abilities, Weirdness & Mutations

You passively map the area around you.
You are easily found by Zot.
You glow in the dark.
You regain HP and MP as you explore.


Message History

The cane toad stings you but does no damage.
The blink frog croaks.
Uskayaw prepares the audience for your solo!
The helpless skyshark fails to defend itself.
You impale the skyshark!! Lightning courses through the skyshark!
The skyshark is heavily wounded.
A tyrant leech comes into view.
A blink frog comes into view.
The helpless skyshark fails to defend itself.
You impale the skyshark!!
The skyshark is almost dead.
The tyrant leech is no longer sharing its pain.
The cane toad is no longer sharing its pain.
The bullfrog is no longer sharing its pain.
You can now merge with and destroy a victim.
The helpless skyshark fails to defend itself.
You impale the skyshark!!
You kill the skyshark!
The helpless tyrant leech fails to defend itself.
You perforate the tyrant leech like a sieve!!!
The tyrant leech is severely wounded.
The bullfrog is no longer paralysed.
The bullfrog is no longer sharing its pain.
The blink frog is no longer paralysed. x3
The cane toad is no longer paralysed.
The bullfrog is no longer paralysed.
The blink frog blinks!
An elephant comes into view.
The helpless tyrant leech fails to defend itself.
You perforate the tyrant leech like a sieve!!!
You kill the tyrant leech!
Your Invocations skill increases to level 11!
The helpless cane toad fails to defend itself.
You stick the cane toad like a pincushion!!!
You kill the cane toad!
The goliath frog is no longer paralysed.
The vampire mosquito is no longer paralysed.
The blink frog is no longer paralysed.
The blink frog hits you but does no damage.
The cane toad stings you but does no damage.
The blink frog blinks!
The goliath frog hits you from afar!!
You die...

# ,, , , , , ,, ,, ,, , ,
, *##./PPP..... , , ##.
#...PPP..... . ,
#..##....$...... , ..,,,
................ , *#...
................*##F.~..
~
.............####.~...P.
~~
..............FF@..F~~~~
~ ~
...............FFF~~w≈~~
~~ ~
#...#.P.........~F~~F~~~
~ *
..P.#....†.†...~~~≈y~~~~
*
.....#...†.....~~~~~~≈§~~
~
......#....~..~~F~~~~~~~
~
..............~~~~~~~~~~
*
....###.......~~~~~≈~~~~
#...##......P.P≈≈≈≈≈≈~≈~
~~, ~


You could see a tyrant leech, a goliath frog, a cane toad, 6 blink frogs, a
vampire mosquito and 2 bullfrogs.

Vanquished Creatures
  A hydra (Lair:4)
  A boulder beetle (Lair:4)
  A two-headed ogre (D:9)
  A skyshark (Lair:5)
  Pikel (D:7)
  Maurice (D:8)
  A cyclops (D:9)
  9 cane toads
  3 komodo dragons
  3 rime drakes
  2 polar bears (Lair:4)
  A tyrant leech (Lair:5)
  A blink frog (Lair:5)
  A shadow (D:9)
  17 yaks
  2 steam dragons
  A vampire mosquito (Lair:5)
  5 water moccasins
  3 sky beasts
  A black bear (D:4)
  2 ice beasts (D:5)
  2 orc warriors
  4 wolves (Lair:5)
  A centaur (D:6)
  A lemure (D:7)
  Blork the orc (D:6)
  12 bullfrogs
  2 scorpions (D:7)
  5 wights
  5 killer bees
  7 electric eels (D:8)
  5 howler monkeys
  5 jellies
  3 orc priests
  2 iguanas
  A sleepcap (D:7)
  8 orc wizards
  4 adders (D:2)
  11 gnolls
  A shadow imp (D:8)
  3 white imps
  3 worms
  4 dart slugs
  36 orcs
  5 endoplasms
  3 giant cockroaches
  A goblin (D:2)
  6 hobgoblins
  10 jackals
  5 kobolds
  2 quokkas
  5 ball pythons
  3 bats
  2 frilled lizards
  9 rats
235 creatures vanquished.

Vanquished Creatures (collateral kills)
  A jelly (Lair:5)
1 creature vanquished.

Vanquished Creatures (others)
  An orc (D:7)
  3 fungi
  64 plants
68 creatures vanquished.

Grand Total: 304 creatures vanquished

Notes
Turn   | Place    | Note
-------+----------+-------------------------------------------
     0 | D:1      | lunkers the Meteoran Fighter began the quest for the Orb.
     0 | D:1      | Reached XP level 1. HP: 19/19 MP: 2/2
    75 | D:1      | Got Sif Muna's Handbook of the Non-Euclidean Mob
   121 | D:1      | Reached skill level 3 in Long Blades
   121 | D:1      | Reached XP level 2. HP: 26/26 MP: 3/3
   215 | D:1      | Reached XP level 3. HP: 30/31 MP: 4/4
   395 | D:2      | Reached skill level 4 in Long Blades
   429 | D:2      | Reached XP level 4. HP: 36/38 MP: 5/5
   430 | D:2      | Got Temuef's Grimoire of the Wyrd
   556 | D:2      | Reached skill level 5 in Long Blades
   618 | D:2      | Reached XP level 5. HP: 18/45 MP: 6/6
   952 | D:3      | Reached skill level 6 in Long Blades
   994 | D:3      | Reached XP level 6. HP: 33/51 MP: 7/7
  1105 | D:4      | Reached skill level 7 in Long Blades
  1174 | D:4      | Noticed a black bear
  1190 | D:4      | Killed a black bear
  1191 | D:4      | Reached skill level 8 in Long Blades
  1191 | D:4      | Reached XP level 7. HP: 43/57 MP: 8/8
  1241 | D:5      | Entered Level 5 of the Dungeon
  1249 | D:5      | Found a staircase to the Ecumenical Temple.
  1313 | D:5      | Identified the +5 scale mail of the Were-rabbit {Contam
                  | rPois Will++ Stlth+}
  1328 | Temple   | Entered the Ecumenical Temple
  1635 | Temple   | Became a worshipper of Uskayaw the Reveller
  1746 | D:5      | Reached * piety under Uskayaw
  1748 | D:5      | Reached ** piety under Uskayaw
  1749 | D:5      | Reached skill level 9 in Long Blades
  1806 | D:5      | Reached *** piety under Uskayaw
  1811 | D:5      | Reached **** piety under Uskayaw
  1813 | D:5      | Reached XP level 8. HP: 58/63 MP: 9/9
  2016 | D:5      | Reached skill level 10 in Long Blades
  2016 | D:5      | Reached skill level 1 in Invocations
  2186 | D:6      | Reached ***** piety under Uskayaw
  2190 | D:6      | Reached skill level 11 in Long Blades
  2203 | D:6      | Noticed Blork the orc
  2231 | D:6      | Killed Blork the orc
  2232 | D:6      | Gained mutation: You passively map the area around you.
                  | [Meteoran growth]
  2232 | D:6      | Reached XP level 9. HP: 21/70 MP: 3/13
  2532 | D:6      | Found a white marble altar of Elyvilon.
  2539 | D:6      | Found an iron altar of Okawaru.
  2572 | D:7      | Noticed Pikel
  2579 | D:7      | Killed Pikel
  2580 | D:7      | Reached skill level 12 in Long Blades
  2699 | D:7      | Reached skill level 13 in Long Blades
  2734 | D:7      | Reached XP level 10. HP: 46/77 MP: 16/16
  3332 | D:8      | Reached skill level 1 in Short Blades
  3332 | D:8      | Reached skill level 1 in Dodging
  3338 | D:8      | Noticed a moth of wrath
  3341 | D:8      | Found a bloodstained altar of Trog.
  3475 | D:8      | Reached skill level 5 in Armour
  3553 | D:8      | Noticed Maurice
  3588 | D:8      | Killed Maurice
  3647 | D:8      | Reached skill level 5 in Short Blades
  3657 | D:8      | Reached skill level 5 in Fighting
  3657 | D:8      | Reached XP level 11. HP: 59/86 MP: 18/18
  3660 | D:8      | Noticed a two-headed ogre
  4224 | D:9      | Found a runed translucent door.
  4225 | D:9      | Noticed a cyclops
  4238 | D:9      | Killed a cyclops
  4292 | D:9      | Noticed a two-headed ogre
  4307 | D:9      | Killed a two-headed ogre
  4308 | D:9      | Reached skill level 5 in Dodging
  4314 | D:9      | Found a staircase to the Lair.
  4333 | Lair:1   | Entered Level 1 of the Lair of Beasts
  4419 | Lair:1   | Reached ****** piety under Uskayaw
  4566 | Lair:4   | Reached XP level 12. HP: 84/97 MP: 20/20
  4656 | Lair:4   | Noticed a boulder beetle
  4665 | Lair:4   | Killed a boulder beetle
  4741 | Lair:4   | Noticed a four-headed hydra
  4750 | Lair:4   | Reached skill level 10 in Invocations
  4760 | Lair:4   | Killed a four-headed hydra
  4864 | Lair:5   | Entered Level 5 of the Lair of Beasts
  4924 | Lair:5   | Found a staircase to the Slime Pits.
  4925 | Lair:5   | Found a viscous altar of Jiyva.
  5011 | Lair:5   | Noticed a goliath frog
  5011 | Lair:5   | Noticed a skyshark
  5024 | Lair:5   | Killed a skyshark
  5027 | Lair:5   | Slain by a goliath frog

Illustrated notes

Levels and vault maps discovered:
D:1:      dpeg_arrival_rooms_a, layout_loops_ring,
          shapermc_ecumenical_altar_notcrosses
D:2:      layout_basic, nicolae_underground_beach
D:3:      layout_basic
D:4:      layout_rooms, minmay_misc_feat_iff, serial_bayou_pond_e,
          chequers_mini_garden
D:5:      layout_basic, minmay_temple_entry_stoned_glass
D:6:      layout_basic, vehumet_statue, minitemple, portal_sewer_entry_a,
          minmay_manual_macuahuitl, uniq_blork_the_orc, uniq_grinder,
          uniq_eustachio
D:7:      cheibrodos_helix_gallery, layout_loops_ring, uniq_pikel
D:8:      layout_basic, tgw_trog, serial_bayou, serial_bayou_crossing,
          serial_bayou_lake_a, minmay_joined_circles, uniq_maurice
D:9:      layout_irregular_city, dpeg_oklobed_lair, erik_orc_1,
          grunt_decor_arrowhead, minmay_misc_feat_roman, minivault_13
Temple:   minmay_temple_bridge_d
Lair:1:   layout_cave_pods, grunt_megastairs_5
Lair:2:   layout_misc_corridors, minmay_snake_entry_spellcaster,
          infiniplex_staircase_pool
Lair:3:   layout_cave_pods, palyth_hydra_swamp_entry,
          nicolae_quartered_pool_impasse, grunt_forest_large_clearing_hut
Lair:4:   layout_regular_city, nzn_sisyphean_effort, serial_bayou_shore_b
Lair:5:   minmay_lair_end_frog_pond, layout_regular_city,
          nicolae_slime_entry_field_trip, nicolae_lair_lil_pond,
          minmay_lair_oklob_bushes

Skill      XL: |  1  2  3  4  5  6  7  8  9 10 11 12 |
---------------+-------------------------------------+-----
Long Blades    | 3 4 5 6 8 9 11 13 | 13.2
Invocations    | 4 7 8 9 11 | 11.0
Short Blades   | 5 7 9 |  9.2
Dodging        | 3 5 7 |  7.6
Armour         | 5 7 8 |  8.6
Fighting       | 5 6 7 |  7.9
Shields        | |  3.6

Action                     |  1- 3 |  4- 6 |  7- 9 | 10-12 || total
---------------------------+-------+-------+-------+-------++-------
  Melee: Long sword        |    52 |   139 |   214 |    38 ||   443
         Short sword       |       |       |       |   468 ||   468
 Invoke: Stomp             |       |       |     7 |    11 ||    18
  Evoke: Wand              |       |       |       |    28 ||    28
    Use: Scroll            |       |     6 |     7 |     5 ||    18
         Potion            |       |       |     1 |       ||     1
   Stab: Paralysed         |       |       |    10 |    29 ||    39
         Sleeping          |       |       |       |     1 ||     1
 Armour: Scale mail        |    28 |   122 |   104 |   198 ||   452
  Dodge: Dodged            |    24 |    57 |    69 |   129 ||   279
  Block: Buckler           |    10 |    48 |    44 |    79 ||   181

Table legend: (Time is in decaauts)
 A = Elapsed time spent in this place.
 B = Non-inter-level travel time spent in this place.
 C = Inter-level travel time spent in this place.
 D = Time resting spent in this place.
 E = Time spent auto-exploring this place.
 F = Levels seen in this place.
 G = Mean time per level.
                   A        B        C        D        E       F      G
               +--------+--------+--------+--------+--------+-----+--------+
         Total |   4880 |   4595 |    285 |      0 |   2934 |  15 |  325.3 |
       Dungeon |   3902 |   3759 |    143 |      0 |   2418 |   9 |  433.6 |
        Temple |    376 |    234 |    142 |      0 |    213 |   1 |  376.0 |
          Lair |    601 |    601 |      0 |      0 |    303 |   5 |  120.2 |
               +--------+--------+--------+--------+--------+-----+--------+

Top non-repeatable levels by time:
     D:8: 667 daAuts
     D:7: 637 daAuts
     D:5: 524 daAuts
     D:6: 411 daAuts
     D:1: 391 daAuts
     D:9: 387 daAuts
  Temple: 376 daAuts
     D:3: 375 daAuts
     D:2: 329 daAuts
  Lair:4: 282 daAuts
     D:4: 177 daAuts
  Lair:1: 142 daAuts
  Lair:5: 130 daAuts
  Lair:2: 24 daAuts
  Lair:3: 21 daAuts
